 Dungeon Crawl Stone Soup version 0.29.0-13-gc9e81de378 (webtiles) character file.

Game seed: 4262030388230408473

297 Anothat the Slasher (level 6, -6/56 HPs)
             Began as a Minotaur Fighter on Sept 8, 2022.
             Killed from afar by Dowan (12 damage)
             ... with a stone arrow
             ... on level 4 of the Dungeon.
             The game lasted 00:03:31 (2972 turns).

Anothat the Slasher (Minotaur Fighter)              Turns: 2972, Time: 00:03:31

Health: -6/56      AC:  5    Str: 20    XL:     6   Next: 12%
Magic:  5/5        EV: 11    Int:  5    God:
Gold:   240        SH:  5    Dex: 12    Spells: 5/5 levels left

rFire   . . .      SeeInvis .   a - +0 long sword
rCold   . . .      Faith    .   c - +0 buckler
rNeg    . . .      Spirit   .   o - +0 leather armour
rPois   .          Reflect  .   (helmet restricted)
rElec   .          Harm     .   x - +0 cloak
rCorr   .          Rampage  .   (no gloves)
Will    .....                   s - +0 pair of boots
Stlth   +.........              (no amulet)
HPRegen 0.18/turn               (no ring)
MPRegen 0.09/turn               (no ring)

@: brilliant, invisible
A: horns 2, retaliatory headbutt
a: no special abilities


You were on level 4 of the Dungeon.
You visited 1 branch of the dungeon, and saw 4 of its levels.

You collected 240 gold pieces.

Inventory:

Hand Weapons
 a - a +0 long sword (weapon)
Armour
 b - a +0 scale mail
 c - a +0 buckler (worn)
 o - a +0 leather armour (worn)
 s - a +0 pair of boots (worn)
 x - a +0 cloak (worn)
Jewellery
 v - the ring of Plog {*Corrode Fly rElec Slay+4 SInv}
   (You found it on level 4 of the Dungeon)

   [ring of slaying]

   Slay:      It affects your accuracy & damage with ranged weapons and melee
   (+4).
   rElec:     It insulates you from electricity.
   SInv:      It lets you see invisible.
   Fly:       It grants you flight.
   *Corrode:  It may corrode you when you take damage.
Wands
 d - a wand of iceblast (4)
 i - a wand of polymorph (4)
Scrolls
 e - a scroll of acquirement {unknown}
 f - 3 scrolls of vulnerability {unknown}
 g - a scroll of torment {unknown}
 h - 4 scrolls of noise {unknown}
 m - 2 scrolls of identify {unknown}
 q - 3 scrolls of fear {unknown}
 r - a scroll of butterflies {unknown}
 t - 2 scrolls of enchant weapon {unknown}
 u - a scroll of brand weapon {unknown}
 w - a scroll of teleportation {unknown}
Potions
 j - 3 potions of flight
 l - a potion of resistance {unknown}
 n - a potion of invisibility
 p - a potion of curing {unknown}


   Skills:
 + Level 5.2 Fighting
 * Level 5.4 Long Blades
 - Level 4.1 Armour
 + Level 2.6 Dodging
 - Level 4.0 Shields


You had 5 spell levels left.
You didn't know any spells.
Your spell library contained the following spells:

 Spells                   Type           Power      Damage    Failure   Level
 Foxfire                  Conj/Fire      0%         2x1d4     63%         1
 Sting                    Tmut/Pois      0%         1d3       63%         1
 Poisonous Vapours        Pois/Air       0%         N/A       77%         2
 Gell's Gravitas          Tloc           0%         N/A       94%         3
 Lesser Beckoning         Tloc           0%         N/A       94%         3
 Teleport Other           Tloc           0%         N/A       94%         3
 Olgreb's Toxic Radiance  Pois           0%         N/A       100%        4


Dungeon Overview and Level Annotations

Branches:
Dungeon (4/15)
 Temple: D:4-7

Altars:
Wu Jian

Annotations:
D:4 Dowan, Eustachio, Menkaure


Innate Abilities, Weirdness & Mutations

You have a pair of horns on your head.
You reflexively headbutt those who attack you in melee.


Message History

The quokka misses you.
Okay, then.
It was a potion of invisibility.
You fade into invisibility!
The ufetubus closely misses you. You furiously retaliate!
You headbutt the ufetubus. The ufetubus barely misses you.
Dowan breathes, "And she was my only..."
You block the quokka's attack.
Menkaure hums a few words.
You block the ufetubus's attack. The ufetubus hits you.
You slash Eustachio!
Eustachio is severely wounded.
The ufetubus disappears in a puff of smoke!
Eustachio twirls his moustache.
Eustachio hits you with a +1 vorpal falchion.
You block the quokka's attack.
Eustachio casts a spell.
Eustachio blinks!
You miss Eustachio.
Eustachio is severely wounded.
The quokka bites you.
* * * LOW HITPOINT WARNING * * *
Eustachio mumbles some strange words.
The quokka barely misses you.
Menkaure gestures wildly while chanting.
Menkaure seems to speed up.
Dowan hits you with a +0 dagger.
* * * LOW HITPOINT WARNING * * *
You barely miss Eustachio. Your headbutt misses Eustachio.
Eustachio is severely wounded.
The iron imp shouts, "Leave, thou peeagling onion-eyed wagtail!"
The quokka closely misses you.
Eustachio hits you with a +1 vorpal falchion.
* * * LOW HITPOINT WARNING * * *
x2 You block Dowan's attack.
It was a potion of brilliance.
You feel clever all of a sudden. The quokka barely misses you.
Dowan casts a spell at you. The stone arrow hits you!
You die...

.....# ##..##
.##.. .#.###
##..### ....
##.# ##...##
#.@.# ##.#
###..##..# ..#
##....# .##
#...## #. #.)5#
#.#r# #.#@#
>?....5e@.M....
..##.<#.5.....#
...##.......#
#..## ..#.....#
... ###.....# .
.....# ......


You could see Eustachio (unable to see you), Menkaure (fast), Dowan (fast,
unable to see you), an iron imp (summoned, unable to see you), a crimson imp
(summoned, unable to see you), a white imp (summoned, unable to see you) and a
quokka (summoned, unable to see you).

Vanquished Creatures
  Duvessa (D:4)
  Ijyb (D:4)
  An orc wizard (D:4)
  6 adders
  5 dart slugs
  2 orcs (D:4)
  9 endoplasms
  2 giant cockroaches
  6 goblins
  4 hobgoblins
  3 quokkas (D:2)
  9 ball pythons
  9 bats
  3 frilled lizards
  9 kobolds
  5 rats
75 creatures vanquished.

Vanquished Creatures (others)
  7 plants (D:2)
7 creatures vanquished.

Grand Total: 82 creatures vanquished

Notes
Turn   | Place    | Note
-------+----------+-------------------------------------------
     0 | D:1      | Anothat the Minotaur Fighter began the quest for the Orb.
     0 | D:1      | Reached XP level 1. HP: 19/19 MP: 0/0
   212 | D:1      | Reached XP level 2. HP: 19/27 MP: 1/1
   320 | D:1      | Found a faded altar of an unknown god.
   328 | D:1      | Got Plato's Omnibus of the Pyre
   764 | D:1      | Reached XP level 3. HP: 28/33 MP: 2/2
  1072 | D:2      | Found an ornate altar of the Wu Jian Council.
  1354 | D:2      | Reached XP level 4. HP: 38/41 MP: 3/3
  1583 | D:2      | Reached skill level 1 in Dodging
  2658 | D:4      | Noticed Duvessa
  2659 | D:4      | Noticed Ijyb
  2667 | D:4      | Noticed Dowan
  2690 | D:4      | Killed Duvessa
  2691 | D:4      | Reached skill level 5 in Fighting
  2691 | D:4      | Reached skill level 5 in Long Blades
  2691 | D:4      | Reached XP level 5. HP: 31/48 MP: 4/4
  2695 | D:4      | Killed Ijyb
  2698 | D:4      | Reached XP level 6. HP: 29/56 MP: 5/5
  2909 | D:4      | Identified the ring of Plog {*Corrode Fly rElec Slay+4
                  | SInv}
  2945 | D:4      | Noticed Eustachio
  2962 | D:4      | Noticed Menkaure
  2972 | D:4      | Killed from afar by Dowan

Illustrated notes

Levels and vault maps discovered:
D:1:      minmay_arrival_radiant_lines, layout_basic,
          shapermc_ecumenical_altar_rom_forum, minivault_14,
          hangedman_decor_lopped
D:2:      layout_loops_ring, serial_bayou, serial_bayou_pond_e,
          serial_bayou_lagoon_a, serial_bayou_lagoon_b, serial_bayou_ford_a,
          basic_altar, reono_crystal_passage
D:3:      layout_basic
D:4:      layout_rooms, nicolae_vehumet_radiance, nicolae_ossuary_entry_ruins,
          minmay_manual_mess, uniq_duvessa, uniq_menkaure, uniq_eustachio,
          uniq_edmund, uniq_pikel, uniq_ijyb

Skill      XL: |  1  2  3  4 |
---------------+-------------+-----
Armour         | 4 |  4.1
Fighting       | 4 5 |  5.2
Shields        | 4 |  4.0
Long Blades    | 3 5 |  5.4
Dodging        | 2 |  2.6

Action                   |  1- 3 |  4- 6 || total
-------------------------+-------+-------++-------
Melee: Long sword        |    96 |    75 ||   171
       Headbutt          |    10 |    11 ||    21
       Unarmed           |       |     4 ||     4
  Use: Potion            |       |     5 ||     5
Armor: Scale mail        |    42 |       ||    42
       Leather armour    |     6 |    35 ||    41
       Skin              |       |     1 ||     1
Dodge: Dodged            |    50 |    52 ||   102
Block: Buckler           |    24 |    23 ||    47
